 Dungeon Crawl Stone Soup version 0.22-a0-601-gb0ed703 (webtiles) character file.

49 sking99 the Skirmisher (level 3, -1/26 HPs)
             Began as an Octopode Wanderer on July 6, 2018.
             Succumbed to an orc wizard's poison
             ... on level 2 of the Dungeon.
             The game lasted 00:02:34 (1512 turns).

sking99 the Skirmisher (Octopode Wanderer)          Turns: 1512, Time: 00:02:35

Health: -1/26      AC:  1    Str: 11    XL:     3   Next: 75%
Magic:  3/3        EV: 11    Int: 13    God:
Gold:   65         SH:  4    Dex: 13    Spells: 2/2 levels left

rFire    . . .     SeeInvis .   a - +0 whip
rCold    . . .     Gourm    .   d - +0 buckler
rNeg     . . .     Faith    .   (helmet restricted)
rPois    .         Spirit   .   (no amulet)
rElec    .         Reflect  .   (no ring)
rCorr    .         Harm     .   (no ring)
MR       .....                  (no ring)
Stlth    +++.......             (no ring)
HPRegen  0.08/turn              (no ring)
MPRegen  0.08/turn              (no ring)
                                (no ring)
                                (no ring)

@: lethally poisoned (-1 -> -19)
A: almost no armour, stealthy swim, amphibious, 8 rings, constrict 8, camouflage
1, gelatinous body 1
a: no special abilities


You were on level 2 of the Dungeon.
You were hungry.

You visited 1 branch of the dungeon, and saw 3 of its levels.

You collected 65 gold pieces.

Inventory:

Hand Weapons
 a - a +0 whip (weapon)
 b - a +0 hand crossbow
Missiles
 c - 32 bolts
Armour
 d - a +0 buckler (worn)
Scrolls
 e - a scroll of teleportation {unknown}
 h - a scroll of enchant armour {unknown}
 i - 2 scrolls of fear {unknown}
 j - 2 scrolls of remove curse {unknown}
 k - a scroll of identify {unknown}
Comestibles
 f - a ration


   Skills:
 + Level 3.4 Fighting
 * Level 3.1 Crossbows
 - Level 1.3 Stealth
 + Level 1.8 Shields
   Level 2.0 Hexes
   Level 1.0 Charms


You had 2 spell levels left.
You didn't know any spells.
Your spell library contained the following spells:

 Spells                   Type           Power        Failure   Level  Hunger
 Confuse                  Hex            #.......     47%         3    ####...
 Tukima's Dance           Hex            #.......     47%         3    ####...
 Ensorcelled Hibernation  Hex/Ice        #.....       38%         2    ###....
 Corona                   Hex            #......      19%         1    ##.....
 Dazzling Spray           Conj/Hex       #.....       63%         3    ####...


Dungeon Overview and Level Annotations

Branches:
Dungeon (3/15)

Altars:


Innate Abilities, Weirdness & Mutations

You cannot wear most types of armour.
You are very stealthy in the water. (Stealth+)
You are amphibious.
You can wear up to eight rings at the same time.
You can use your tentacles to constrict eight enemies at once.
Your skin changes colour to match your surroundings (Stealth+).
Your rubbery body absorbs attacks. (AC +1, EV +1)


Message History

You hit the orc wizard. You grab the orc wizard. You squeeze the orc wizard!
The orc wizard is severely wounded.
You constrict the orc wizard.
You feel sick.
The orc wizard hits you with a dagger of venom.
* * * LOW HITPOINT WARNING * * *
You are more poisoned.
You hit the orc wizard.
The orc wizard is almost dead.
You constrict the orc wizard.
* * * LOW HITPOINT WARNING * * *
You feel sick.
The orc wizard points at you and mumbles some strange words.
You resist with significant effort.
You hit the orc wizard.
You kill the orc wizard!
Your Crossbows skill increases to level 3!
* * * LOW HITPOINT WARNING * * *
You feel sick.
You aren't carrying any potions.
You die...

#.......#.# #.#.....
#.#.....#.########.######
#.#....<.................
#...............##.#..###
#.###.#.........##.#.#...
#...............##.#.##..
#####.##.......###.#.###.
#....##>......###.#.# ##
#.#####@..........#.#
#.#################.#
#.##.......## #..#
#.##.##.....#### #.##
#.##.##.†......# #.#
#........#..##.# #.#
####.###.#..##.###.#
#.###.#.........# #
#.......###.##### #


There were no monsters in sight!

Vanquished Creatures
  An orc wizard (D:2)
  A dart slug (D:1)
  7 bats (D:1)
  A giant cockroach (D:1)
  A goblin (D:2)
  3 hobgoblins (D:1)
  2 jackals (D:2)
  A kobold (D:2)
  A ball python (D:1)
  2 frilled lizards
  A quokka skeleton (D:2)
  3 rats (D:1)
24 creatures vanquished.

Notes
Turn   | Place    | Note
-------+----------+-------------------------------------------
     0 | D:1      | sking99 the Octopode Wanderer began the quest for the Orb.
     0 | D:1      | sking99 set off with: a +0 hand crossbow, 24 bolts, a +0 buckler, a ration
     0 | D:1      | Reached XP level 1. HP: 16/16 MP: 1/1
   286 | D:1      | Reached XP level 2. HP: 21/21 MP: 2/2
  1116 | D:2      | Reached XP level 3. HP: 26/26 MP: 3/3
  1511 | D:2      | HP: 1/26 [poisoned by an orc wizard]
  1512 | D:2      | Succumbed to an orc wizard's poison

Vault maps used:
D:1:      ncdulo_halloftheorcs
D:2:      roderic_lattice_a

Skill      XL: |  1  2  3 |
---------------+----------+-----
Crossbows      | 3 |  3.1
Fighting       | |  3.4
Stealth        | |  1.3
Shields        | |  1.8
Hexes          | |  2.0
Charms         | |  1.0

Action                   || total
-------------------------++-------
Melee: Whip              ||    10
       Constrict         ||     3
       Tentacles         ||     2
 Fire: Hand crossbow     ||    46
  Eat: Chunk             ||     1
Armor: Skin              ||     5
Dodge: Dodged            ||    18
Block: Buckler           ||     4

Table legend:
 A = Spawn XP
 B = Non-spawn XP
 C = Spawn XP percentage of total XP
 D = Spawn monster count
 E = Non-spawn monster count
 F = Spawn count percentage of total count
 G = Total turns spent on level
                    A         B        C        D         E        F      G
               +---------+---------+-------+---------+---------+-------+---------
         Total |       0 |      70 |   0.0 |       0 |      24 |   0.0 |  1512
               +---------+---------+-------+---------+---------+-------+---------
           D:1 |       0 |      25 |   0.0 |       0 |      17 |   0.0 |   828
           D:2 |       0 |      45 |   0.0 |       0 |       7 |   0.0 |   682
               +---------+---------+-------+---------+---------+-------+---------
